Map: New Gettysburg LE

Players

IIIIIIIIIIII (State) - Winner!

  • Race: Protoss Protoss
  • League: Grandmaster

IIIIIIIIIIII

  • Race: Zerg Zerg
  • League: Grandmaster

VOD

Have the link to the VOD?

Description

Time

  • Played on: Aug. 4, 2016, 1:52 a.m.
  • Length: 11:28
Show
View Real Time Build Order
Export as new Build Order

IIIIIIIIIIII Protoss - Winner!

Build Orders: 1 Gate Expand 

Get SALT Encoding   

  12  0:01  Probe (Chrono Boost)  
  13  0:11  Probe (Chrono Boost)  
  14  0:18  Pylon  
  14  0:22  Probe (Chrono Boost)  
  15  0:36  Probe (Chrono Boost)  
  15  0:37  Gateway  
  16  0:43  Assimilator  
  16  0:47  Probe (Chrono Boost)  
  17  0:57  Probe (Chrono Boost)  
  18  1:08  Probe (Chrono Boost)  
  19  1:19  Nexus  
  19  1:23  Probe (Chrono Boost)  
  20  1:33  Cybernetics Core  
  20  1:36  Probe (Chrono Boost)  
  21  1:43  Assimilator  
  21  1:46  Probe (Chrono Boost)  
  22  1:52  Pylon  
  22  1:57  Probe (Chrono Boost)  
  23  2:07  Adept  
  23  2:11  Warp Gate  
  23  2:13  Probe (Chrono Boost)  
  26  2:25  Probe (Chrono Boost)  
  27  2:30  Stalker  
  27  2:32  Twilight Council  
  27  2:33  Probe (Chrono Boost)  
  31  2:37  Probe (Chrono Boost)  
  31  2:44  Probe (Chrono Boost)  
  32  2:49  Probe (Chrono Boost)  
  33  2:54  Probe (Chrono Boost)  
  33  2:56  Resonating Glaives  
  34  3:00  Probe (Chrono Boost)  
  34  3:05  Probe (Chrono Boost)  
  36  3:12  Probe (Chrono Boost)  
  37  3:15  Gateway, Probe (Chrono Boost)  
  37  3:16  Gateway  
  38  3:21  Pylon  
  38  3:24  Probe (Chrono Boost)  
  41  3:27  Mothership Core (Chrono Boost)  
  41  3:36  Probe (Chrono Boost)  
  41  3:37  Robotics Facility  
  42  3:44  Pylon  
  42  3:45  Probe (Chrono Boost)  
  44  3:49  Probe (Chrono Boost)  
  44  3:52  Assimilator  
  44  3:56  Probe (Chrono Boost)  
  44  4:01  Probe (Chrono Boost)  
  46  4:06  Probe (Chrono Boost)  
  47  4:13  Probe (Chrono Boost)  
  47  4:14  Adept x3  
  55  4:17  Probe (Chrono Boost)  
  55  4:19  Pylon  
  55  4:21  Observer, Pylon  
  56  4:25  Probe (Chrono Boost)  
  57  4:31  Nexus  
  57  4:34  Pylon  
  57  4:40  Pylon  
  57  4:44  Adept x3  
  63  4:46  Warp Prism  
  65  4:56  Probe x2 (Chrono Boost)  
  65  4:59  Blink  
  67  5:06  Adept x3  
  73  5:10  Probe x2 (Chrono Boost)  
  73  5:12  Assimilator  
  75  5:20  Immortal  
  75  5:24  Probe x2 (Chrono Boost)  
  81  5:36  Probe x2 (Chrono Boost)  
  79  5:48  Probe (Chrono Boost)  
  79  5:49  Probe (Chrono Boost)  
  79  5:54  Immortal  
  75  5:59  Forge  
  75  6:00  Sentry  
  75  6:01  Sentry x2  
  75  6:02  Gateway, Probe (Chrono Boost)  
  75  6:03  Gateway, Probe x2 (Chrono Boost)  
  78  6:15  Probe x2 (Chrono Boost)  
  81  6:18  Probe (Chrono Boost)  
  81  6:24  Gateway, Protoss Ground Weapons Level 1  
  81  6:25  Gateway  
  82  6:27  Probe (Chrono Boost)  
  82  6:28  Immortal  
  82  6:31  Gateway  
  82  6:33  Sentry x2  
  82  6:34  Sentry  
  92  6:45  Pylon, Photon Cannon  
  92  6:46  Gateway  
  92  6:49  Pylon  
  92  6:51  Pylon  
  92  6:58  Adept x3  
  98  7:04  Zealot, Assimilator, Probe (Chrono Boost)  
  98  7:05  Observer  
  102  7:09  Stalker  
  102  7:12  Photon Cannon  
  104  7:25  Stalker x4  
  112  7:32  Assimilator  
  112  7:34  Robotics Bay  
  112  7:46  Stalker x4  
  112  7:47  Zealot  
  112  7:50  Zealot x4  
  130  8:00  Pylon  
  130  8:04  Pylon  
  130  8:06  Pylon  
  130  8:07  Protoss Ground Weapons Level 2  
  130  8:12  Zealot  
  132  8:19  Disruptor  
  111  8:34  Adept  
  111  8:35  Adept x8  
  125  8:50  Disruptor  
  124  8:56  Adept x7  
  124  8:57  Adept x2  
  138  9:20  Adept  
  138  9:21  Adept x8, Disruptor  
  139  9:50  Adept x8  
  139  9:52  Disruptor  
  144  10:10  Nexus  
  144  10:15  Stalker x6  
  144  10:20  Pylon  
  156  10:33  Disruptor  
  156  10:34  Pylon  
  156  10:35  Pylon  
  158  10:43  Stalker x2  
  158  10:49  Pylon  
  162  10:58  Stalker  
  162  10:59  Stalker x2  
  154  11:16  Stalker x5  
Show
View Real Time Build Order
Export as new Build Order

IIIIIIIIIIII Zerg 

Build Orders: Hatch First 

Get SALT Encoding   

  12  0:01  Drone  
  13  0:13  Overlord  
  13  0:17  Drone  
  14  0:32  Drone x2  
  16  0:49  Hatchery  
  15  0:52  Drone  
  15  0:56  Drone  
  17  0:59  Drone  
  18  1:06  Extractor  
  17  1:15  Spawning Pool  
  17  1:18  Drone  
  17  1:21  Drone  
  18  1:28  Drone  
  19  1:42  Drone  
  20  1:53  Drone  
  21  2:02  Drone, Queen  
  21  2:03  Drone  
  25  2:10  Hatchery  
  25  2:14  Drone  
  25  2:17  Drone  
  25  2:22  Overlord  
  26  2:24  Drone  
  26  2:28  Metabolic Boost  
  27  2:33  Drone  
  28  2:43  Zergling x6  
  31  2:44  Queen  
  31  2:50  Queen  
  35  2:56  Overlord  
  35  2:58  Overlord  
  35  3:05  Drone  
  36  3:18  Drone x5  
  41  3:22  Queen  
  41  3:23  Drone  
  41  3:26  Queen  
  46  3:27  Drone  
  46  3:31  Drone  
  46  3:33  Drone  
  49  3:39  Queen  
  49  3:40  Overlord  
  51  3:43  Drone  
  51  3:44  Drone  
  53  3:52  Drone x2  
  55  3:55  Roach Warren  
  55  3:58  Overlord  
  55  4:00  Drone x4  
  59  4:02  Drone x2  
  59  4:07  Extractor  
  59  4:08  Overlord  
  58  4:15  Zergling x10  
  63  4:22  Zergling x6  
  66  4:26  Spore Crawler  
  66  4:27  Zergling x2  
  66  4:31  Spore Crawler  
  65  4:35  Drone x2  
  65  4:37  Drone x6  
  74  4:40  Drone x2  
  76  4:50  Drone x2  
  76  4:52  Hatchery  
  77  4:56  Roach x2  
  80  5:04  Roach  
  80  5:06  Overlord x2  
  81  5:07  Lair  
  81  5:10  Overlord  
  81  5:12  Evolution Chamber  
  80  5:16  Extractor x2  
  78  5:22  Roach  
  78  5:23  Roach  
  82  5:32  Drone x8, Extractor x2  
  85  5:46  Roach x10  
  102  5:54  Drone  
  91  5:59  Drone x2  
  91  6:04  Drone  
  87  6:08  Drone x2  
  87  6:11  Drone  
  90  6:12  Zerg Melee Weapons Level 1  
  90  6:16  Drone x2  
  92  6:28  Lair  
  92  6:29  Drone  
  92  6:30  Baneling Nest  
  92  6:31  Drone x2  
  94  6:33  Drone x2  
  94  6:35  Drone  
  94  6:38  Drone x2  
  94  6:39  Drone x3  
  102  6:40  Drone  
  102  6:41  Drone  
  102  6:43  Drone  
  102  6:45  Drone  
  106  6:51  Ravager x6  
  106  6:53  Overlord  
  112  7:00  Overlord  
  112  7:01  Overlord  
  112  7:02  Overlord  
  112  7:11  Overlord x2  
  112  7:15  Overseer  
  105  7:24  Zergling x26  
  118  7:33  Drone  
  118  7:36  Ravager x9  
  128  7:37  Roach  
  128  7:39  Zergling x6  
  128  7:40  Zergling x2  
  128  7:43  Zergling x4  
  137  7:44  Zergling x2  
  137  7:46  Roach  
  137  7:50  Centrifical Hooks  
  139  7:52  Zergling x2  
  139  7:53  Roach  
  139  7:55  Baneling x2  
  139  7:56  Zergling x2  
  145  7:58  Roach  
  145  8:00  Baneling x3  
  145  8:01  Baneling  
  145  8:03  Roach  
  147  8:06  Drone x2  
  147  8:11  Roach  
  148  8:13  Roach  
  148  8:17  Roach  
  148  8:19  Roach  
  141  8:20  Zergling x2  
  141  8:23  Roach x4  
  141  8:24  Zergling x2  
  141  8:25  Zergling x2  
  151  8:28  Zergling x2  
  149  8:35  Zergling x2  
  149  8:36  Zergling x2  
  149  8:37  Zergling x2  
  152  8:46  Zergling x2  
  148  8:49  Zergling x8  
  151  9:04  Overlord x2  
  151  9:09  Roach x6  
  151  9:13  Roach  
  152  9:19  Roach  
  147  9:29  Roach  
  147  9:30  Roach x2  
  150  9:32  Roach x3  
  150  9:36  Hatchery  
  147  9:40  Zergling x6  
  136  10:18  Drone x7  
  136  10:20  Ravager x4  
  136  10:21  Ravager x8  
  155  10:23  Overlord x2  
  155  10:29  Spire  
  155  10:34  Zergling x2  
  155  10:48  Zergling x2  
  155  10:49  Zergling x10  
  161  10:54  Zergling x4  
  149  11:08  Zergling x6  
Tags
 
Add a new tag
Caveats
  • Supply blocks, unpowered buildings, or Contaminate may cause inaccurate times.
  • Supply counts are checked every 10 seconds.